 Dungeon Crawl Stone Soup version 0.29-a0-43-g62a80824bf (webtiles) character file.

Game seed: 14492955057797082202

85439 YayAnonymity the Severer (level 15, -2/149 HPs)
             Began as a Hill Orc Fighter on Feb 1, 2022.
             Was the Champion of Beogh (penitent).
             Slain by a radroach (36 damage)
             ... on level 1 of the Spider Nest on Feb 3, 2022.
             The game lasted 01:12:18 (34173 turns).

YayAnonymity the Severer (Hill Orc Fighter)        Turns: 34173, Time: 01:12:19

Health: -2/149     AC: 22    Str: 36    XL:     15   Next: 83%
Magic:  22/22      EV: 14    Int:  8    God:    Beogh [******]
Gold:   1509       SH: 11    Dex: 13    Spells: 14/14 levels left

rFire   + . .      SeeInvis +   a - +3 war axe (freeze)
rCold   . . .      Faith    .   c - +0 buckler
rNeg    . . .      Spirit   .   b - +1 scale mail {rPois}
rPois   +          Reflect  +   y - +1 helmet {SInv}
rElec   .          Harm     .   j - +0 cloak "Alebyblatyu" {rF+ rC+ Dex+6}
rCorr   .          Rampage  .   n - +0 pair of gloves of Esti Jic {rC- Str+9 Dex-3 Slay+5}
Will    ++...                   A - +4 pair of boots of Pan-Flutes {Slay+3}
Stlth   ..........              f - amulet of reflection
HPRegen 0.34/turn               I - +4 ring of evasion
MPRegen 0.18/turn               M - ring of willpower

@: studying Summonings
A: no striking features
a: Renounce Religion


You were on level 1 of the Spider Nest.
You worshipped Beogh.
Beogh was demanding penance.
You visited 5 branches of the dungeon, and saw 25 of its levels.
You also visited: Gauntlet.

You collected 1690 gold pieces.
You spent 181 gold pieces at shops.

Inventory:

Hand Weapons
 a - a +3 war axe of freezing (weapon)
 C - a +2 glaive of flaming
Missiles
 D - 2 atropa-tipped darts (quivered)
 R - 9 silver javelins
 V - 11 javelins
Armour
 b - a +1 scale mail of poison resistance (worn)
 c - a +0 buckler (worn)
 j - the +0 cloak "Alebyblatyu" (worn) {rF+ rC+ Dex+6}
   (You found it on level 2 of the Dungeon)

   Dex:       It affects your dexterity (+6).
   rF:        It protects you from fire.
   rC:        It protects you from cold.
 n - the +0 pair of gloves of Esti Jic (worn) {rC- Str+9 Dex-3 Slay+5}
   (You found it on level 5 of the Lair of Beasts)

   Str:       It affects your strength (+9).
   Dex:       It affects your dexterity (-3).
   Slay:      It affects your accuracy & damage with ranged weapons and melee
   (+5).
   rC:        It makes you vulnerable to cold.
 y - a +1 helmet of see invisible (worn)
 A - the +4 pair of boots of Pan-Flutes (worn) {Slay+3}
   (You found it in a Gauntlet)

   Slay:      It affects your accuracy & damage with ranged weapons and melee
   (+3).
Jewellery
 f - an amulet of reflection (around neck)
 I - a +4 ring of evasion (left hand)
 M - a ring of willpower (right hand)
 P - a ring of poison resistance
Wands
 q - a wand of acid (2)
 t - a wand of iceblast (35)
 N - a wand of digging (5)
Scrolls
 d - a scroll of acquirement
 e - a scroll of brand weapon
 k - 4 scrolls of fog
 o - 4 scrolls of enchant weapon
 p - 2 scrolls of holy word
 r - 19 scrolls of teleportation
 v - 6 scrolls of identify
 x - 3 scrolls of blinking
 z - 2 scrolls of silence
 E - 3 scrolls of enchant armour
 F - 4 scrolls of magic mapping
 J - 3 scrolls of fear
Potions
 h - 4 potions of haste
 i - 5 potions of cancellation
 l - 12 potions of curing
 s - 8 potions of mutation
 u - 4 potions of invisibility
 G - 4 potions of heal wounds
 H - 5 potions of berserk rage
 K - 3 potions of lignification
 S - 2 potions of flight
 U - 2 potions of might


   Skills:
 + Level 18.3 Fighting
 - Level 20.0 Axes
 - Level 15.0 Armour
 - Level 10.0 Shields
 - Level 10.0 Invocations


You had 14 spell levels left.
You didn't know any spells.
Your spell library contained the following spells:

 Spells                   Type           Power      Damage    Failure   Level
 Blink                    Tloc           0%         N/A       77%         2
 Dazzling Flash           Conj/Hex       0%         N/A       94%         3
 Gell's Gravitas          Tloc           0%         N/A       94%         3
 Teleport Other           Tloc           0%         N/A       94%         3
 Tukima's Dance           Hex            0%         N/A       94%         3
 Fulminant Prism          Conj/Hex       0%         3d6       100%        4
 Iskenderun's Mystic Bla  Conj/Tloc      0%         2d3       100%        4
 Passage of Golubria      Tloc           0%         N/A       100%        4
 Fireball                 Conj/Fire      0%         3d3       100%        5
 Freezing Cloud           Conj/Ice/Air   0%         6-21      100%        5
 Iskenderun's Battlesphe  Conj           0%         2d6       100%        5
 Lee's Rapid Deconstruct  Erth           0%         3d5*      100%        5
 Manifold Assault         Tloc           0%         N/A       100%        5
 Yara's Violent Unravell  Hex/Tmut       0%         3d3       100%        5
 Conjure Ball Lightning   Conj/Air       0%         3x3d6     100%        6
 Dispersal                Tloc           0%         N/A       100%        6
 Starburst                Conj/Fire      0%         6d3       100%        6
 Orb of Destruction       Conj           0%         9d5       100%        7
 Storm Form               Tmut/Air       0%         N/A       100%        7
 Ignition                 Fire           0%         3d3       100%        8
 Chain Lightning          Conj/Air       0%         N/A       100%        9


Dungeon Overview and Level Annotations

Branches:
Dungeon (15/15)            Temple (1/1) D:6            Lair (6/6) D:8
 Shoals (0/4) Lair:4       Spider (1/4) Lair:2        Slime (0/5) Lair:6
    Orc (2/2) D:10         Vaults (0/5) D:14         Depths (0/4) D:15
Gauntlet (visited)
    Elf: Orc:2

Altars:
Ashenzari
Cheibriados
Dithmenos
Elyvilon
Fedhas
Gozag
Hepliaklqana
Kikubaaqudgha
Makhleb
Nemelex Xobeh
Okawaru
Qazlal
Ru
Sif Muna
Trog
Uskayaw
Vehumet
Wu Jian
Xom
Yredelemnul
Zin
The Shining One
Lugonu

Shops:
D:4 (   D:5 (([:   D:9 ?   D:12 *   D:14 ?

Portals:
Abyss: Lair:6

Annotations:
Lair:1 exclusion: oklob plant


Message History

Unknown command.
You slice the tarantella simulacrum!!
The tarantella simulacrum is almost destroyed.
You hit Bogfrid but do no damage. You slice the tarantella simulacrum!!
The tarantella simulacrum vaporises!
Your orc wizard casts a spell.
Your orc wizard flickers and vanishes for a moment.
You block Bogfrid's attack.
You hit the radroach but do no damage. You hit Bogfrid. You freeze Bogfrid.
You slice the tarantella simulacrum!!
Okrist hits Bogfrid from afar with a +4 spear of venom!!!
Bogfrid looks as sick as possible!
The tarantella simulacrum hits you! The tarantella simulacrum freezes you!
You barely miss the radroach. You closely miss Bogfrid.
You closely miss the tarantella simulacrum.
Bogfrid hits you with a +4 bardiche of flaming!!
* * * LOW HITPOINT WARNING * * *
Bogfrid burns you.
* * * LOW HITPOINT WARNING * * *
Okrist hits Bogfrid from afar with a +4 spear of venom!!
Herok completely misses Bogfrid.
The tarantella simulacrum closely misses you.
You slash the tarantella simulacrum!
The tarantella simulacrum vaporises!
You slice the radroach!! You freeze the radroach!
You slice the tarantella simulacrum!!
The tarantella simulacrum vaporises!
You slash Bogfrid! You freeze Bogfrid. You block the radroach's attack.
The radroach claws you.
* * * LOW HITPOINT WARNING * * *
You block Bogfrid's attack.
Okrist hits Bogfrid from afar with a +4 spear of venom!
You hit the radroach but do no damage.
The radroach is heavily wounded.
You hit Bogfrid. You freeze Bogfrid.
Herok goes berserk!
Herok closely misses Bogfrid.
The radroach erupts in a fountain of uncontrolled magic!
You are blasted with magical radiation!!!
You die...

########oo####oo####
###..#oo.#...o..#.#
####.##....##....#..<#
#..#.o...#.#^.##.#o.##
#...o.o#.####..####...
###oo#.### ##o.##.#...
#.oo### #..o#..####
###ooo# ##....###.#
#.@## ##.o##...#
#.○B.......##.o...o#
##.....#... #....#o.
#.##### ##[#.#.. ###
####### #. ## # #


You could see a radroach (soul bound), Bogfrid the orc knight (strong, extremely
poisoned, ally target), the friendly Okrist the orc warlord (strong), a friendly
orc knight (strong), the friendly Herok the orc knight (berserk, strong), a
friendly orc high priest (strong), 2 friendly orc warriors and a friendly orc
wizard (strong, invisible).

Vanquished Creatures
  Kirke (Lair:6)
  A stone giant (D:15)
  A minotaur (Gauntlet)
  Snorg (D:14)
  2 boulder beetles (D:13)
  Josephine (Lair:4)
  4 hydras
  6 centaur warriors
  9 two-headed ogres
  4 tengu warriors
  A thrashing horror (Lair:6)
  A pharaoh ant (Spider:1)
  A skeletal warrior (D:13)
  An orb spider (Spider:1)
  A deep troll (D:15)
  A deep elf archer (D:13)
  A harpy (shapeshifter) (D:14)
  A deep elf zephyrmancer (D:15)
  4 wolf spiders (Spider:1)
  A necromancer (D:13)
  2 orc knights
  A deep elf pyromancer (D:15)
  An oklob plant (Lair:4)
  13 ugly things
  A manticore (D:12)
  4 cyclopes
  Maurice (D:11)
  Joseph (Lair:1)
  3 black mambas
  5 cane toads
  A torpor snail (Spider:1)
  Maggie (Lair:1)
  3 gargoyles
  A yaktaur (D:13)
  A kobold demonologist (D:6)
  2 komodo dragons
  A demonic crawler (Spider:1)
  A komodo dragon (shapeshifter) (D:14)
  2 tengu conjurers (D:15)
  An ice devil (Gauntlet)
  An ancient zyme (Lair:6)
  3 trolls
  A polar bear (shapeshifter) (D:13)
  2 polar bears (Lair:6)
  A queen bee (Gauntlet)
  6 meliai
  2 hornets (D:9)
  7 tarantellas (Spider:1)
  A raiju (shapeshifter) (D:14)
  7 slime creatures
  10 blink frogs
  3 large abominations (Gauntlet)
  11 culicivoras (Spider:1)
  2 jumping spiders (Spider:1)
  18 yaks
  A vampire (D:13)
  5 wraiths
  2 ynoxinuls (Lair:6)
  A spriggan (shapeshifter) (D:13)
  3 hogs (Lair:6)
  9 basilisks
  5 wyverns
  A chaos spawn (Lair:6)
  13 redbacks (Spider:1)
  9 vampire mosquitoes
  An acid dragon (D:8)
  16 water moccasins
  Duvessa (D:5)
  An orc warrior (D:8)
  An ice beast (D:6)
  3 sky beasts
  A necrophage (D:12)
  A boggart (D:13)
  An ogre (D:7)
  10 centaurs
  9 wolves
  8 bullfrogs
  2 wyvern zombies
  4 scorpions
  12 small abominations
  Dowan (D:5)
  15 wights
  28 killer bees
  4 howler monkeys
  3 centaur zombies
  A bullfrog zombie (D:5)
  5 hounds
  Crazy Yiuf (D:4)
  3 jellies
  A gnoll shaman (D:5)
  5 orc priests
  Jessica (D:2)
  4 centaur skeletons
  2 iguanas
  4 hell rats (Lair:6)
  7 orc wizards
  A howler monkey zombie (D:5)
  8 adders
  4 gnolls
  6 white imps
  2 ufetubi
  An adder zombie (D:5)
  2 worms
  20 orcs
  10 ball pythons
  4 endoplasms
  2 goblins
  6 hobgoblins
  5 jackals
  6 kobolds
  A quokka (D:4)
  6 bats
  A frilled lizard (D:3)
  7 rats
461 creatures vanquished.

Vanquished Creatures (collateral kills)
  An entropy weaver (Spider:1)
  An ettin (shapeshifter) (Lair:6)
  A hydra (D:13)
  2 boulder beetles
  A two-headed ogre (D:13)
  2 centaur warriors (D:13)
  A tengu warrior (D:13)
  2 thrashing horrors (Lair:6)
  Urug (Orc:2)
  A skeletal warrior (D:13)
  A fire crab (shapeshifter) (Lair:6)
  2 orb spiders (Spider:1)
  A deep troll (D:15)
  A steelbarb worm (Spider:1)
  2 deep elf pyromancers
  A wolf spider (Spider:1)
  3 oklob plants (Lair:4)
  2 orc knights
  An ugly thing (D:15)
  A cyclops (D:12)
  A necromancer (D:15)
  A manticore (D:12)
  An elephant (Lair:4)
  A moth of wrath (Spider:1)
  A centaur zombie (D:12)
  A cane toad (Lair:6)
  A black mamba (Lair:6)
  A rime drake (Lair:3)
  2 komodo dragons
  2 large abominations (Lair:6)
  4 polar bears
  2 trolls
  5 tarantellas (Spider:1)
  5 blink frogs
  7 meliai
  2 slime creatures (D:12)
  5 jumping spiders (Spider:1)
  A spriggan (shapeshifter) (D:13)
  A wraith (D:12)
  4 culicivoras (Spider:1)
  A spriggan (Lair:6)
  A wyvern (Lair:3)
  2 hogs (Lair:6)
  4 basilisks
  5 redbacks (Spider:1)
  A chaos spawn (Lair:6)
  4 yaks
  3 vampire mosquitoes
  An acid dragon (D:9)
  3 water moccasins
  3 small abominations (Lair:6)
  4 orc warriors
  A necrophage (D:12)
  7 wolves
  2 centaurs
  A bullfrog (Lair:2)
  A killer bee (D:11)
  A jelly (Lair:6)
  2 orc priests
  3 orc wizards
  3 hell rats (Lair:6)
  3 orcs
  A bush (Lair:5)
133 creatures vanquished.

Vanquished Creatures (others)
  3 orc knights
  6 orc warriors
  5 orc wizards
  3 orc priests
  9 orcs
  2 bushes (D:8)
  61 fungi
  101 plants
  6 withered plants (D:12)
196 creatures vanquished.

Grand Total: 790 creatures vanquished

Notes
Turn   | Place    | Note
-------+----------+-------------------------------------------
     0 | D:1      | YayAnonymity the Hill Orc Fighter began the quest for the
                  | Orb.
     0 | D:1      | Reached XP level 1. HP: 19/19 MP: 1/1
     8 | D:1      | Reached skill level 3 in Axes
   159 | D:1      | Reached XP level 2. HP: 26/26 MP: 2/2
   361 | D:1      | Reached skill level 4 in Axes
   587 | D:2      | Identified the +0 cloak "Alebyblatyu" {rF+ rC+ Dex+6}
   754 | D:2      | Reached XP level 3. HP: 31/31 MP: 3/3
   994 | D:2      | Found an iron altar of Okawaru.
  1272 | D:2      | Reached skill level 5 in Axes
  1445 | D:2      | Reached XP level 4. HP: 39/39 MP: 4/4
  1488 | D:2      | Noticed Jessica
  1493 | D:2      | Killed Jessica
  1494 | D:2      | Reached skill level 6 in Axes
  2300 | D:3      | Became a worshipper of Beogh the Brigand
  2675 | D:4      | Reached XP level 5. HP: 45/45 MP: 5/5
  2692 | D:4      | Reached skill level 7 in Axes
  2985 | D:4      | Identified the +7 dagger of Grontol {vorpal, Int+4}
  3051 | D:4      | Found a runed translucent door.
  3052 | D:4      | Noticed Crazy Yiuf
  3205 | D:4      | Reached skill level 8 in Axes
  3205 | D:4      | Reached XP level 6. HP: 51/51 MP: 6/6
  3373 | D:4      | Found a snail-covered altar of Cheibriados.
  3444 | D:4      | Got Fikycvat's Collected Works on Arcane Weapons
  3716 | D:4      | Found Okeunaisk's Weapon Shoppe.
  3818 | D:4      | Killed Crazy Yiuf
  3916 | D:5      | Entered Level 5 of the Dungeon
  3933 | D:5      | Reached skill level 9 in Axes
  3933 | D:5      | Found Aqetat's Antique Weapon Emporium.
  3941 | D:5      | Reached XP level 7. HP: 19/57 MP: 7/7
  3955 | D:5      | Reached * piety under Beogh
  4143 | D:5      | Reached skill level 10 in Axes
  4442 | D:5      | Found Biaq's Antique Weapon Emporium.
  4444 | D:5      | Found Sackot's Book Emporium.
  4462 | D:5      | Found Zocothyo's Armour Emporium.
  4487 | D:5      | Bought a +1 helmet of see invisible for 181 gold pieces
  4687 | D:5      | Noticed Dowan
  4687 | D:5      | Noticed Duvessa
  4752 | D:5      | Killed Duvessa
  4753 | D:5      | Reached skill level 11 in Axes
  4761 | D:5      | Killed Dowan
  4762 | D:5      | Reached XP level 8. HP: 54/64 MP: 8/8
  4938 | D:5      | Reached skill level 12 in Axes
  5576 | D:5      | HP: 3/64 [poisoned by a killer bee]
  5896 | D:6      | Reached skill level 13 in Axes
  6092 | D:6      | Noticed a kobold demonologist
  6152 | D:6      | Found a staircase to the Ecumenical Temple.
  6158 | Temple   | Entered the Ecumenical Temple
  6529 | D:6      | Noticed a yak
  6538 | D:6      | Killed a yak
  6630 | D:6      | Reached skill level 14 in Axes
  6661 | D:6      | Reached XP level 9. HP: 16/70 MP: 9/9
  7195 | D:6      | Killed a kobold demonologist
  7255 | D:7      | Reached skill level 15 in Axes
  7339 | D:6      | HP: 1/72 [killer bee (5)]
  7636 | D:6      | Reached ** piety under Beogh
  7642 | D:6      | Reached skill level 5 in Fighting
  8312 | D:7      | Reached skill level 5 in Armour
  9151 | D:8      | Reached XP level 10. HP: 73/84 MP: 10/10
  9826 | D:8      | Reached skill level 16 in Axes
  9983 | D:8      | Found a staircase to the Lair.
 10241 | D:8      | Reached *** piety under Beogh
 10995 | D:9      | Reached XP level 11. HP: 92/99 MP: 11/11
 11250 | D:9      | Noticed a two-headed ogre
 11260 | D:9      | Killed a two-headed ogre
 11261 | D:9      | Reached skill level 10 in Fighting
 11347 | D:9      | Reached skill level 10 in Armour
 11355 | D:9      | Reached skill level 1 in Invocations
 11931 | D:9      | Found Sousixko's Magic Scroll Emporium.
 12206 | D:10     | Entered Level 10 of the Dungeon
 12538 | D:10     | Noticed a two-headed ogre
 12545 | D:10     | Killed a two-headed ogre
 12553 | D:10     | Noticed a two-headed ogre
 12563 | D:10     | Killed a two-headed ogre
 12778 | D:10     | Found a staircase to the Orcish Mines.
 12893 | D:10     | Reached skill level 5 in Invocations
 13536 | D:11     | Noticed Maurice
 13576 | D:11     | Killed Maurice
 13832 | D:11     | Found the +7 Kryia's mail coat {PotionHeal*2 rC+}
 14013 | D:12     | Noticed a two-headed ogre
 14019 | D:12     | Killed a two-headed ogre
 14063 | D:12     | Found Recug's Serpentskin Sales.
 14116 | D:12     | Noticed a manticore
 14125 | D:12     | Killed a manticore
 14187 | D:12     | Noticed a manticore
 14195 | D:12     | Killed a manticore
 14203 | D:12     | Noticed a cyclops
 14210 | D:12     | Killed a cyclops
 14211 | D:12     | Reached XP level 12. HP: 50/112 MP: 17/17
 14520 | Lair:1   | Entered Level 1 of the Lair of Beasts
 14920 | Lair:1   | You fall into a shaft and drop 1 floor!
 15037 | Lair:1   | Noticed Joseph
 15041 | Lair:1   | Reached **** piety under Beogh
 15049 | Lair:1   | Killed Joseph
 15093 | Lair:1   | Noticed Maggie
 15103 | Lair:1   | Killed Maggie
 15401 | Lair:1   | Found a blossoming altar of Fedhas.
 16410 | Lair:2   | Noticed a four-headed hydra
 16420 | Lair:2   | Killed a two-headed hydra
 16525 | Lair:2   | Found a hole to the Spider Nest.
 17038 | Lair:3   | Noticed a seven-headed hydra
 17045 | Lair:3   | Killed a six-headed hydra
 17528 | Lair:3   | Reached skill level 15 in Fighting
 19046 | Orc:1    | Entered Level 1 of the Orcish Mines
 20023 | Lair:4   | Found a hide-covered altar of Uskayaw.
 20035 | Lair:4   | Found a staircase to the Shoals.
 20039 | Lair:4   | Found a gate leading to a gauntlet.
 20109 | Gauntlet | Entered a Gauntlet
 20109 | Gauntlet | Found a transporter.
 20109 | Gauntlet | Found a transporter.
 20112 | Gauntlet | Found a transporter.
 20116 | Gauntlet | Found a transporter.
 20116 | Gauntlet | Found a transporter.
 20117 | Gauntlet | Found a transporter.
 20146 | Gauntlet | Found a transporter.
 20150 | Gauntlet | Found a transporter.
 20154 | Gauntlet | Found a runed translucent door.
 20156 | Gauntlet | Found a runed translucent door.
 20158 | Gauntlet | Found a transporter.
 20175 | Gauntlet | Found a transporter.
 20189 | Gauntlet | Found a transporter.
 20193 | Gauntlet | Found a transporter.
 20725 | Gauntlet | Identified the +4 pair of boots of Pan-Flutes {Slay+3}
 20795 | Gauntlet | Noticed a minotaur
 20802 | Gauntlet | Killed a minotaur
 20982 | Lair:4   | Noticed Josephine
 20990 | Lair:4   | Killed Josephine
 20991 | Lair:4   | Reached skill level 17 in Axes
 20991 | Lair:4   | Reached XP level 13. HP: 124/126 MP: 19/19
 22848 | Lair:5   | Reached ***** piety under Beogh
 22974 | Lair:5   | Gained Gorbash as an ally
 23144 | Lair:5   | Identified the +0 pair of gloves of Esti Jic {rC- Str+9
                  | Dex-3 Slay+5}
 23573 | Lair:6   | Entered Level 6 of the Lair of Beasts
 23579 | Lair:6   | Your ally Gorbash died
 23630 | Lair:6   | Reached skill level 18 in Axes
 23918 | Lair:6   | Noticed an ettin
 23924 | Lair:6   | Found a corrupted altar of Lugonu.
 23924 | Lair:6   | Killed an ettin
 23925 | Lair:6   | Found a one-way gate to the infinite horrors of the Abyss.
 23941 | Lair:6   | Identified the ring "Dukate" {Dex+3 SInv}
 24025 | Lair:6   | Gained Okrist as an ally
 24184 | Lair:6   | Reached skill level 19 in Axes
 24185 | Lair:6   | Noticed Kirke
 24197 | Lair:6   | Killed Kirke
 24285 | Lair:6   | Reached XP level 14. HP: 135/135 MP: 20/20
 24374 | Lair:6   | Found a staircase to the Slime Pits.
 24707 | Lair:6   | Gained Herok as an ally
 25920 | Orc:2    | Entered Level 2 of the Orcish Mines
 25920 | Orc:2    | Noticed Urug
 25926 | Orc:2    | Killed Urug
 27596 | D:13     | Reached ****** piety under Beogh
 27795 | D:13     | Reached skill level 20 in Axes
 28064 | D:13     | Reached skill level 15 in Armour
 28268 | D:13     | Gained Bogfrid as an ally
 29236 | D:13     | Reached skill level 5 in Shields
 29326 | D:13     | Reached skill level 10 in Invocations
 30322 | D:14     | Found a gate to the Vaults.
 30477 | D:14     | Found Iwayfeca's Magic Scroll Emporium.
 30477 | D:14     | Noticed Snorg
 30488 | D:14     | Killed Snorg
 30489 | D:14     | Reached XP level 15. HP: 75/144 MP: 22/22
 30719 | D:14     | Found a hide-covered altar of Uskayaw.
 31572 | D:15     | Entered Level 15 of the Dungeon
 31865 | D:15     | Identified a scroll of acquirement
 31996 | D:15     | Found a staircase to the Depths.
 32023 | D:15     | Found a shimmering altar of Xom.
 32263 | D:15     | Acquired the +8 Wrath of Trog {antimagic, *Rage Rampage}
 32263 | D:15     | Found the +8 Wrath of Trog {antimagic, *Rage Rampage}
 32628 | Spider:1 | Entered Level 1 of the Spider Nest
 32685 | Spider:1 | Upgraded the game from 0.29-a0-40-g8eb35efe60 to
                  | 0.29-a0-43-g62a80824bf
 33785 | Spider:1 | Reached skill level 10 in Shields
 34166 | Spider:1 | Was placed under penance by Beogh
 34173 | Spider:1 | Slain by a radroach

Illustrated notes

Levels and vault maps discovered:
D:1:      saegor_arrival_simple_a, layout_rooms, minmay_misc_feat_nine_boxes
D:2:      layout_loops_ring, basic_altar, serial_bayou_pond_e, uniq_jessica
D:3:      layout_basic
D:4:      layout_basic, mainiacjoe_overflow_24_doors, serial_shops,
          nicolae_shop_bloodbath_and_beyond, serial_bayou_crossing,
          uniq_crazy_yiuf_cottage
D:5:      layout_basic, minmay_shop_grid_forest, uniq_duvessa
D:6:      minmay_opposing_rooms, layout_rooms,
          minmay_temple_entry_enclosed_plants
D:7:      layout_rooms, serial_corexii_hall, chequers_hall_statues_wall_a,
          corexii_hall_statues_i, chequers_hall_statues_wall_a,
          chequers_hall_statues_y
D:8:      layout_cave_pools, minmay_lair_entry_grove
D:9:      layout_stronghold, serial_shops, shop,
          minmay_fractal_squares_diagonal_5
D:10:     layout_irregular_city, david_orc_2
D:11:     layout_cave_pools, uniq_maurice
D:12:     layout_stronghold, serial_undead, serial_undead_e, serial_undead_b,
          serial_undead_e, serial_undead_d, guppyfry_shop_venom
D:13:     minmay_the_grid_4x2 [minmay_the_grid_fan, minmay_the_grid_empty,
          minmay_the_grid_medium_cups, minmay_the_grid_doors,
          minmay_the_grid_minigrid_small, minmay_the_grid_embedded,
          minmay_the_grid_broken_lines, minmay_the_grid_prize_four_corners],
          layout_basic
D:14:     layout_long_grid, david_vaults_1, nicolae_BIG_FREAKIN_CUBE,
          serial_shops, nicolae_shop_crystal, nicolae_uskayaw_dance_hall,
          uniq_snorg
D:15:     hangedman_depths_entry_civil_slaughter, layout_cave_pools,
          xom_teletrap_fun
Temple:   mainiacjoe_temple_circle_huts
Lair:1:   layout_gridlike, tgw_fedhas, uniq_maggie, uniq_joseph
Lair:2:   layout_regular_city, hellmonk_spider_entry_not_the_bees,
          chequers_serial_rivers_small_a
Lair:3:   layout_regular_city
Lair:4:   minmay_lair_oklob_chamber, layout_regular_city,
          elwin_shoals_entry_rocks, gauntlet_entry_generic, basic_altar,
          serial_bayou_shore_b, infiniplex_staircase_pool, uniq_josephine
Lair:5:   layout_roguey
Lair:6:   hellmonk_lair_end_abyssal_woods, layout_regular_city,
          nicolae_slime_entry_slimehenge, st_stairs_6,
          cheibrodos_lair_lostbears, grunt_megastairs_2, uniq_kirke
Spider:1: layout_spider_delve, uniq_asterion
Orc:1:    layout_caves
Orc:2:    grunt_orc_community_town_hall, layout_caves,
          grunt_orc_community_big_house_2, grunt_orc_community_big_house_2,
          grunt_orc_community_house_3, grunt_orc_community_house_2,
          grunt_orc_community_house_2, grunt_orc_community_house_2,
          grunt_orc_community_house_3, serial_shops, nicolae_diamond_shop,
          uniq_donald, uniq_urug, uniq_azrael

Skill      XL: |  1  2  3  4  5  6  7  8  9 10 11 12 13 14 15 |
---------------+----------------------------------------------+-----
Axes           | 3 4 5 6 8 9 11 14 15 16 17 19 20 | 20.0
Fighting       | 6 9 12 15 16 18 | 18.3
Armour         | 5 9 10 11 13 15 | 15.0
Invocations    | 7 8 10 | 10.0
Shields        | 4 6 10 | 10.0

Action                   |  1- 3 |  4- 6 |  7- 9 | 10-12 | 13-15 || total
-------------------------+-------+-------+-------+-------+-------++-------
Melee: War axe           |    91 |    90 |   307 |   478 |   542 ||  1508
       Glaive            |       |       |       |    23 |    21 ||    44
       Bardiche          |       |       |       |       |     1 ||     1
Throw: Dart              |       |     1 |     5 |     9 |       ||    15
       Throwing net      |       |       |       |     1 |       ||     1
Invok: Convert to Beogh  |       |     1 |       |       |       ||     1
       Smiting           |       |       |       |     1 |       ||     1
       Give Item to Name |       |       |       |       |     3 ||     3
       Recall Orcish Fol |       |       |       |       |     2 ||     2
  Use: Scroll            |       |     7 |     4 |     8 |    10 ||    29
       Potion            |       |     2 |     3 |     1 |       ||     6
 Stab: Distracted        |       |       |       |     1 |     8 ||     9
       Held in net/web   |       |       |       |     1 |       ||     1
       Paralysed         |       |       |       |       |     1 ||     1
Armor: Scale mail        |    53 |    34 |   180 |   117 |   243 ||   627
Dodge: Dodged            |    50 |    34 |   152 |   199 |   310 ||   745
Block: Buckler           |    26 |    20 |    70 |   186 |   237 ||   539
       Reflection        |       |       |       |     7 |    19 ||    26
       Other             |       |       |       |     2 |     6 ||     8

Table legend: (Time is in decaauts)
 A = Elapsed time spent in this place.
 B = Non-inter-level travel time spent in this place.
 C = Inter-level travel time spent in this place.
 D = Time resting spent in this place.
 E = Time spent auto-exploring this place.
 F = Levels seen in this place.
 G = Mean time per level.
                   A        B        C        D        E       F      G
               +--------+--------+--------+--------+--------+-----+--------+
         Total |  33994 |  31581 |   2413 |   9213 |  16740 |  26 | 1307.5 |
       Dungeon |  21707 |  19942 |   1765 |   5811 |  10760 |  15 | 1447.1 |
        Temple |    340 |    315 |     25 |      0 |    293 |   1 |  340.0 |
          Lair |   8694 |   8123 |    571 |   2033 |   4822 |   6 | 1449.0 |
   Spider Nest |   1515 |   1515 |      0 |    492 |    541 |   1 | 1515.0 |
  Orcish Mines |    885 |    833 |     52 |    551 |    140 |   2 |  442.5 |
      Gauntlet |    849 |    849 |      0 |    326 |    183 |   1 |  849.0 |
               +--------+--------+--------+--------+--------+-----+--------+

Top non-repeatable levels by time:
    D:13: 2723 daAuts
     D:9: 2175 daAuts
  Lair:4: 2007 daAuts
     D:8: 1794 daAuts
     D:6: 1675 daAuts
     D:5: 1657 daAuts
     D:7: 1602 daAuts
     D:4: 1596 daAuts
  Lair:1: 1593 daAuts
Spider:1: 1515 daAuts
  Lair:3: 1481 daAuts
    D:10: 1422 daAuts
  Lair:6: 1355 daAuts
    D:12: 1303 daAuts
  Lair:2: 1293 daAuts
